[Event "Titled Tuesday Blitz October 11 Early 2022"]
[White "Ovchinnikov, Vsevolod"]
[Black "Kushko, Dmitriy"]
[WhiteFideId "24176842"]
[BlackFideId "14162261"]
[WhiteElo "2376"]
[BlackElo "2230"]
[Result "1-0"]
[Round "03"]
[TimeControl "180+1"]
[Date "2022.10.11"]
[WhiteClock "0:00:06"]
[BlackClock "0:00:03"]

1. d4 d6 2. Nf3 g6 3. b3 Bg7 4. Bb2 Nf6 5. g3 O-O 6. Bg2 c6 7. O-O Qc7 8. Nbd2 Nbd7 9. e4 e5 10. Re1 Re8 11. Nc4 exd4 12. Qxd4 Nh5 13. Qxd6 Qxd6 14. Nxd6 Bxb2 15. Nxe8 Bxa1 16. Rxa1 Nc5 17. Nd6 a5 18. Rd1 Bg4 19. h3 Bxf3 20. Bxf3 Nf6 21. e5 Nfd7 22. Nxb7 Nxe5 23. Nxc5 Nxf3+ 24. Kg2 Ne5 25. a4 g5 26. f4 gxf4 27. gxf4 Ng6 28. Kf3 Re8 29. Nb7 Nh4+ 30. Kg4 Ng2 31. Rd8 Kf8 32. Rxe8+ Kxe8 33. Nxa5 Kd7 34. c3 Ne1 35. Kf5 Nd3 36. Nc4 Nc5 37. Nd2 Ke7 38. a5 Na6 39. b4 Nc7 40. Ke5 Kd7 41. c4 Ke7 42. Ne4 Na6 43. b5 cxb5 44. cxb5 Nb4 45. Kd4 Kd7 46. Ng5 f6 47. Nxh7 Ke6 48. a6 Nd5 49. f5+ Kd6 50. h4 Nb6 51. h5 1-0


[Site "https://www.chess.com"]

[Event "Titled Tuesday Blitz October 11 Early 2022"]
[White "Papasimakopoulos, Alexandros"]
[Black "Reprintsev, Alexander"]
[WhiteFideId "4244125"]
[BlackFideId "14100541"]
[WhiteElo "2357"]
[BlackElo "2230"]
[Result "1/2-1/2"]
[Round "03"]
[TimeControl "180+1"]
[Date "2022.10.12"]
[WhiteClock "0:00:14"]
[BlackClock "0:00:14"]

1. d4 d5 2. c4 e5 3. dxe5 d4 4. a3 Nc6 5. e3 Nge7 6. Nf3 Bg4 7. Be2 Bxf3 8. Bxf3 g6 9. exd4 Qxd4 10. O-O Bg7 11. Qxd4 Nxd4 12. Bxb7 Ne2+ 13. Kh1 Rb8 14. Be4 Nxc1 15. Rxc1 Bxe5 16. Nc3 Rxb2 17. Rab1 Bxc3 18. Rxc3 Rxb1+ 19. Bxb1 Kd7 20. g3 Rb8 21. Be4 c6 22. Rd3+ Kc7 23. Kg2 Rb2 24. Re3 Nc8 25. c5 Rb5 26. Rc3 Ra5 27. Kf3 Ne7 28. g4 f5 29. gxf5 gxf5 30. Bb1 Nd5 31. Rb3 Rxc5 32. Bxf5 h6 33. Be4 Nf6 34. Bd3 Nd7 35. Ke3 Ra5 36. Rc3 Nf6 37. Be4 Nxe4 38. Kxe4 Kd6 39. f4 Rh5 40. h3 c5 41. Rg3 c4 42. Rf3 Rc5 43. Kd4 Rc8 44. f5 Ke7 45. Kc3 Kf6 46. Rf4 Rc5 47. a4 Rxf5 48. Rxf5+ Kxf5 49. Kxc4 Kg5 50. Kb5 Kh4 51. Ka6 Kxh3 52. Kxa7 h5 53. a5 h4 54. a6 Kh2 55. Kb6 h3 56. a7 Kg1 57. a8=Q h2 58. Qg8+ Kf2 59. Qf7+ Kg2 60. Qg6+ Kf2 61. Qf5+ Kg2 62. Qh5 h1=Q 63. Qd5+ Kg1 64. Qxh1+ Kxh1 1/2-1/2


[Site "https://www.chess.com"]

[Event "Titled Tuesday Blitz October 11 Early 2022"]
[White "Pershin, Denis"]
[Black "Moreno Perez, Tobias Sebastian"]
[WhiteFideId "24165506"]
[BlackFideId "186716"]
[WhiteElo "2300"]
[BlackElo "2479"]
[Result "0-1"]
[Round "03"]
[TimeControl "180+1"]
[Date "2022.10.12"]
[WhiteClock "0:00:01"]
[BlackClock "0:00:07"]

1. d4 d5 2. Nc3 Nf6 3. Bf4 c5 4. e3 cxd4 5. exd4 Bg4 6. f3 Bd7 7. Nb5 Bxb5 8. Bxb5+ Nc6 9. c3 e6 10. Ne2 Bd6 11. Qd2 O-O 12. O-O Rc8 13. Bd3 Na5 14. Bxd6 Qxd6 15. Rae1 Nc4 16. Bxc4 Rxc4 17. Nf4 b5 18. Nd3 Nd7 19. b4 Rcc8 20. a4 bxa4 21. Ra1 Nb6 22. Nc5 a5 23. b5 a3 24. Rfb1 Nc4 25. Qd3 Rb8 26. Rb3 Rfc8 27. g3 Qd8 28. Kg2 Qe8 29. b6 a4 30. Rb4 Qc6 31. b7 Rd8 32. Kf2 e5 33. Qc2 exd4 34. cxd4 Qh6 35. Kg1 Qe3+ 36. Kh1 Qxd4 37. Rab1 Qxc5 38. Qxa4 Qf2 39. Qb3 Ne3 0-1


[Site "https://www.chess.com"]

[Event "Titled Tuesday Blitz October 11 Early 2022"]
[White "Piesik, Piotr"]
[Black "Bacrot, Etienne"]
[WhiteFideId "1136194"]
[BlackFideId "605506"]
[WhiteElo "2323"]
[BlackElo "2666"]
[Result "0-1"]
[Round "03"]
[TimeControl "180+1"]
[Date "2022.10.11"]
[WhiteClock "0:00:04"]
[BlackClock "0:00:10"]

1. Nf3 d5 2. g3 Nf6 3. Bg2 g6 4. O-O Bg7 5. d4 O-O 6. c4 c6 7. Nc3 dxc4 8. a4 Bg4 9. a5 Nd5 10. Qa4 Bxf3 11. Bxf3 Bxd4 12. Nxd5 cxd5 13. Rd1 Nc6 14. e3 Bg7 15. Bxd5 Qc7 16. a6 Rad8 17. Qxc4 e6 18. Bf3 Rxd1+ 19. Bxd1 Qd6 20. Be2 b6 21. Ra3 Ne5 22. Qc2 Rd8 23. Rc3 b5 24. Rc8 b4 25. Rxd8+ Qxd8 26. Bd2 Bf8 27. b3 Qa5 28. Kg2 Qc5 29. Qe4 Bd6 30. f4 Qc6 31. Bf3 Qxe4 32. Bxe4 Nd7 33. Bc2 Kf8 34. Kf3 Ke7 35. e4 Bc5 36. e5 Kd8 37. Ke4 Kc7 38. Bd3 h5 39. h3 Kc6 40. g4 hxg4 41. hxg4 Be7 42. Bc4 Nc5+ 43. Kf3 Nd7 44. Be3 Bc5 45. Bxc5 Kxc5 46. Ke4 Nb8 47. f5 gxf5+ 48. gxf5 Kc6 49. Kf4 Kd7 50. Kg5 exf5 51. Kxf5 Ke7 52. Ke4 Nd7 53. Kd5 Nb6+ 54. Kc5 Nd7+ 55. Kxb4 Nxe5 56. Kc5 Nxc4 57. Kxc4 Kd6 58. b4 Kc6 59. b5+ Kb6 60. Kb4 f6 61. Kc4 f5 62. Kd4 Kxb5 63. Ke5 Kxa6 64. Kxf5 Kb5 65. Ke4 Kc4 66. Ke3 Kc3 67. Ke2 Kc2 0-1


[Site "https://www.chess.com"]

[Event "Titled Tuesday Blitz October 11 Early 2022"]
[White "Pimpalkhare, Vedant"]
[Black "Torres Boch, Jose Francisco"]
[WhiteFideId "25048236"]
[BlackFideId "2278383"]
[WhiteElo "2182"]
[BlackElo "2073"]
[Result "0-1"]
[Round "03"]
[TimeControl "180+1"]
[Date "2022.10.12"]
[WhiteClock "0:00:06"]
[BlackClock "0:00:19"]

1. Nf3 Nf6 2. g3 b5 3. Bg2 Bb7 4. O-O c5 5. b3 d5 6. Bb2 e6 7. Ne5 Nbd7 8. c4 Nxe5 9. Bxe5 bxc4 10. bxc4 Bd6 11. Qa4+ Qd7 12. Qxd7+ Kxd7 13. Bxd6 Kxd6 14. cxd5 Bxd5 15. Nc3 Rab8 16. Rab1 a6 17. f4 Nd7 18. e4 Bc4 19. e5+ Kc7 20. Rfc1 Bd3 21. Rxb8 Rxb8 22. Be4 Bxe4 23. Nxe4 Rb2 24. a3 Kd8 25. Kf2 f5 26. exf6 gxf6 27. Ke2 Ra2 28. Rc3 f5 29. Nxc5 Nxc5 30. Rxc5 Rxa3 31. Rc6 Kd7 32. Rb6 h5 33. Rb7+ Kd6 34. Rh7 Rb3 35. Rxh5 Rb7 36. Rh8 Ra7 37. Kd3 a5 38. Kc3 a4 39. Kb2 a3+ 40. Ka2 Kd5 41. Rd8+ Kc6 42. Rd3 Rh7 43. h4 Ra7 44. Rxa3 Rd7 45. Rc3+ Kb5 46. d3 Rg7 47. d4 Rd7 48. Re3 Rd6 49. Kb3 Rc6 50. Re5+ Kb6 51. d5 exd5 52. Rxf5 Kc5 53. h5 Kd4 54. g4 Ke4 55. Rf8 d4 56. g5 d3 57. h6 d2 58. Rd8 Kxf4 59. h7 Rc8 0-1


[Site "https://www.chess.com"]

[Event "Titled Tuesday Blitz October 11 Early 2022"]
[White "Predke, Alexandr"]
[Black "Sarana, Alexey"]
[WhiteFideId "24107581"]
[BlackFideId "24133795"]
[WhiteElo "2614"]
[BlackElo "2689"]
[Result "1/2-1/2"]
[Round "03"]
[TimeControl "180+1"]
[Date "2022.10.11"]
[WhiteClock "0:00:35"]
[BlackClock "0:00:13"]

1. Nf3 d5 2. g3 g6 3. d4 c6 4. Bg2 Bg7 5. O-O Nf6 6. a4 O-O 7. a5 Bf5 8. Bf4 Nbd7 9. Nbd2 Nh5 10. Be3 Nhf6 11. Bf4 h6 12. h3 Rc8 13. c3 g5 14. Be3 Bg6 15. Ne5 Nxe5 16. dxe5 Nd7 17. f4 e6 18. Bxa7 c5 19. e4 Ra8 20. f5 Bh7 21. f6 Rxa7 22. fxg7 Re8 23. exd5 Nxe5 24. dxe6 Rxe6 25. Ne4 Qxd1 26. Rfxd1 Bxe4 27. Bxe4 Kxg7 28. Bd5 Re7 29. b4 cxb4 30. cxb4 Nc6 31. a6 Nxb4 32. axb7 Raxb7 33. Bxb7 Rxb7 34. Rab1 Rb6 35. Kg2 Nd5 36. Rxb6 Nxb6 37. Rd4 Nc8 38. Kf3 Ne7 39. Rd7 Nf5 40. Rd5 Kg6 41. Ra5 h5 42. g4 hxg4+ 43. hxg4 Nh6 44. Ra6+ f6 45. Ra5 Kg7 46. Ra7+ Kg6 47. Ra6 Nf7 48. Ra8 Nh6 49. Ra7 Nf7 50. Ra8 Nh6 51. Ra7 Nf7 52. Ra8 1/2-1/2


[Site "https://www.chess.com"]

[Event "Titled Tuesday Blitz October 11 Early 2022"]
[White "Principe, Gerson"]
[Black "Shapiro, Daniel"]
[WhiteFideId "3804550"]
[BlackFideId "2001780"]
[WhiteElo "2280"]
[BlackElo "2227"]
[Result "1-0"]
[Round "03"]
[TimeControl "180+1"]
[Date "2022.10.12"]
[WhiteClock "0:00:54"]
[BlackClock "0:00:04"]

1. Nf3 Nf6 2. b3 d6 3. d4 g6 4. Bb2 Bg7 5. e3 O-O 6. Be2 Ne4 7. O-O c5 8. c4 Nc6 9. Nbd2 Bf5 10. Nxe4 Bxe4 11. Qd2 Qc7 12. Rfd1 Rfd8 13. Ng5 Bf5 14. d5 Na5 15. Bxg7 Kxg7 16. e4 Bd7 17. f4 a6 18. Qc3+ Kg8 19. e5 h6 20. Ne4 Be8 21. exd6 exd6 22. Nf6+ Kf8 23. Ng4 Kg8 24. Nxh6+ Kh7 25. Ng4 Kg8 26. Qf6 Kh7 27. Rd3 1-0


[Site "https://www.chess.com"]

[Event "Titled Tuesday Blitz October 11 Early 2022"]
[White "Przybylski, Wojciech"]
[Black "Delorme, Alban"]
[WhiteFideId "1117599"]
[BlackFideId "623636"]
[WhiteElo "2221"]
[BlackElo "2197"]
[Result "1-0"]
[Round "03"]
[TimeControl "180+1"]
[Date "2022.10.12"]
[WhiteClock "0:00:56"]
[BlackClock "0:00:02"]

1. e4 c5 2. Nf3 d6 3. d4 cxd4 4. Nxd4 Nf6 5. Nc3 a6 6. Be3 e5 7. Nb3 Be7 8. f3 Be6 9. Qd2 Nbd7 10. O-O-O O-O 11. g4 b5 12. Kb1 b4 13. Nd5 Bxd5 14. exd5 a5 15. g5 Nh5 16. Bh3 a4 17. Nc1 Nb6 18. Qxb4 Rb8 19. Bxb6 Rxb6 20. Qxa4 Nf4 21. Bd7 Bxg5 22. Bc6 f5 23. Rhg1 Bf6 24. Nb3 g6 25. Qa7 Rf7 26. Qa5 Qb8 27. Qa8 Qxa8 28. Bxa8 Kg7 29. Bc6 Re7 30. a4 e4 31. a5 Rb4 32. fxe4 fxe4 33. Rge1 e3 34. a6 Bh4 35. a7 1-0


[Site "https://www.chess.com"]

[Event "Titled Tuesday Blitz October 11 Early 2022"]
[White "Rosen, Eric"]
[Black "Boros, Denes"]
[WhiteFideId "2032562"]
[BlackFideId "722340"]
[WhiteElo "2362"]
[BlackElo "2464"]
[Result "1-0"]
[Round "03"]
[TimeControl "180+1"]
[Date "2022.10.12"]
[WhiteClock "0:00:03"]
[BlackClock "0:00:10"]

1. d4 Nc6 2. d5 Nb8 3. e4 c6 4. c4 g6 5. Nc3 Bg7 6. f4 d6 7. Nf3 Qb6 8. Qc2 Bg4 9. Be2 Na6 10. h3 Bxf3 11. Bxf3 Bd4 12. a3 Nc5 13. b4 Nd7 14. Rb1 Ngf6 15. Qd3 Bf2+ 16. Ke2 Qd4 17. Rf1 Qxd3+ 18. Kxd3 Bb6 19. e5 dxe5 20. dxc6 bxc6 21. c5 Bc7 22. Bxc6 O-O-O 23. Kc2 exf4 24. Bxf4 Bxf4 25. Rxf4 Ne5 26. Bb5 Nd5 27. Re4 f6 28. Ba6+ Kb8 29. Rbe1 Nc7 30. Bf1 Rd7 31. Rd1 Rxd1 32. Nxd1 Ne6 33. Nb2 Rd8 34. Bc4 Nd4+ 35. Kc3 Nf5 36. g4 Nh4 37. a4 Nhf3 38. b5 h5 39. gxh5 gxh5 40. c6 Kc7 41. a5 a6 42. b6+ Kxc6 43. Bxa6 f5 44. Re3 Ra8 45. Be2 Rxa5 46. Bxf3+ Nxf3 47. Nc4 Rc5 48. Rxf3 Kb5 49. Rf4 Rxc4+ 50. Rxc4 1-0


[Site "https://www.chess.com"]

[Event "Titled Tuesday Blitz October 11 Early 2022"]
[White "Rosenberg, Evan S"]
[Black "Aizpurua, Patrick Emilio"]
[WhiteFideId "2019299"]
[BlackFideId "6600522"]
[WhiteElo "2418"]
[BlackElo "2378"]
[Result "1-0"]
[Round "03"]
[TimeControl "180+1"]
[Date "2022.10.12"]
[WhiteClock "0:00:07"]
[BlackClock "0:00:14"]

1. e4 e5 2. Nf3 Nc6 3. Bb5 g6 4. d4 exd4 5. Bg5 f6 6. Bh4 Qe7 7. O-O d6 8. Nxd4 Bd7 9. Nc3 Qe5 10. Nf3 Qe6 11. Nd5 O-O-O 12. Bxc6 Bxc6 13. Nd4 Qf7 14. Nxc6 bxc6 15. Nb4 Kd7 16. c4 Qxc4 17. a3 Ne7 18. Bxf6 Rg8 19. Bxe7 Bxe7 20. Rc1 Qe6 21. Nxc6 Qxe4 22. Re1 Qxe1+ 23. Qxe1 Bf6 24. Qb4 Rde8 25. g3 Re6 26. Nxa7 Rge8 27. Qb5+ Ke7 28. Rxc7+ Kf8 29. Rxh7 Kg8 30. Qb7 Be7 31. Qd7 Re1+ 32. Kg2 Rd8 33. Qh3 Bf6 34. Nc6 Rde8 35. Rc7 Bg7 36. Rc8 Rxc8 37. Qxc8+ Kf7 38. Qd7+ Kg8 39. Qxd6 Re2 40. Qd5+ Kh7 41. Qf3 Rxb2 42. Ne7 Bd4 43. Nxg6 Rxf2+ 44. Qxf2 Bxf2 45. Kxf2 Kxg6 46. a4 1-0


[Site "https://www.chess.com"]

[Event "Titled Tuesday Blitz October 11 Early 2022"]
[White "Rosh Jain"]
[Black "Carrasco Miranda, Andres"]
[WhiteFideId "25789465"]
[BlackFideId "3405990"]
[WhiteElo "2233"]
[BlackElo "2183"]
[Result "1-0"]
[Round "03"]
[TimeControl "180+1"]
[Date "2022.10.12"]
[WhiteClock "0:00:16"]
[BlackClock "0:00:35"]

1. e4 c5 2. Nf3 d6 3. d4 cxd4 4. Nxd4 Nf6 5. Nc3 a6 6. Bc4 e6 7. Bb3 b5 8. O-O Be7 9. f4 b4 10. Nce2 Bb7 11. e5 dxe5 12. fxe5 Nd5 13. Qe1 O-O 14. Qg3 Kh8 15. c3 bxc3 16. bxc3 Nc6 17. Bb2 Bh4 18. Qh3 Nxe5 19. c4 Nb4 20. Rad1 Qg5 21. Bc1 Qe7 22. Bf4 Ng6 23. Bd2 Bf6 24. Bc3 Nc6 25. Nxc6 Bxc6 26. Bxf6 gxf6 27. Nd4 Bb7 28. Bc2 Rg8 29. Rf2 Rad8 30. Qc3 Ne5 31. Qh3 Rg7 32. Qh4 Rxd4 33. Qxd4 Nf3+ 34. Rxf3 Bxf3 35. Qd8+ Qxd8 36. Rxd8+ Rg8 37. Rxg8+ Kxg8 38. gxf3 Kf8 39. c5 h6 40. Be4 f5 41. Bb7 a5 42. c6 Ke7 43. c7 1-0


[Site "https://www.chess.com"]

[Event "Titled Tuesday Blitz October 11 Early 2022"]
[White "Rozen, Eytan"]
[Black "Shohat, Yotam"]
[WhiteFideId "2816750"]
[BlackFideId "2813955"]
[WhiteElo "2362"]
[BlackElo "2199"]
[Result "0-1"]
[Round "03"]
[TimeControl "180+1"]
[Date "2022.10.12"]
[WhiteClock "0:00:23"]
[BlackClock "0:00:10"]

1. Nc3 c5 2. Nf3 Nf6 3. e3 d5 4. d4 e6 5. Ne5 Be7 6. Bb5+ Nbd7 7. O-O O-O 8. Bxd7 Nxd7 9. Nxd7 Bxd7 10. e4 dxe4 11. dxc5 Bc6 12. Be3 f5 13. b4 Bf6 14. Ne2 Bxa1 15. Qxa1 Bb5 16. Re1 Bxe2 17. Rxe2 a5 18. Rd2 Qe8 19. Bd4 Rd8 20. a3 axb4 21. axb4 e5 22. Bc3 Rxd2 23. Bxd2 Qd7 24. Bc3 Rd8 25. Qa2+ Qd5 26. Qxd5+ Rxd5 27. f3 e3 28. Kf1 Kf7 29. Ke2 f4 30. Be1 g5 31. h4 h6 32. h5 Ke6 33. g4 Rd8 34. c4 Rd4 35. Bc3 Rxc4 36. Kd3 Rxc3+ 37. Kxc3 Kd5 38. Kd3 Kc6 39. Kc2 Kb5 40. Kc3 e2 0-1


[Site "https://www.chess.com"]

[Event "Titled Tuesday Blitz October 11 Early 2022"]
[White "Ruge, Edison"]
[Black "Averjanov, Alexey"]
[WhiteFideId "4401000"]
[BlackFideId "14109867"]
[WhiteElo "2175"]
[BlackElo "2677"]
[Result "0-1"]
[Round "03"]
[TimeControl "180+1"]
[Date "2022.10.12"]
[WhiteClock "0:00:42"]
[BlackClock "0:01:27"]

1. e4 c6 2. d3 d5 3. Nd2 e5 4. Ngf3 Bd6 5. g3 Nf6 6. Bg2 O-O 7. O-O Re8 8. h3 Nbd7 9. Re1 b6 10. c4 Bb7 11. Nh4 dxc4 12. Nxc4 Bc5 13. Be3 Qc7 14. Nf5 Rad8 15. Qc2 b5 16. Nd2 Bb6 17. Rac1 Nf8 18. Nb3 Ne6 19. Red1 Rd7 20. d4 exd4 21. Nbxd4 Nxd4 22. Bxd4 Bxd4 23. Rxd4 Rxd4 24. Nxd4 Qe5 25. Nxc6 Bxc6 26. Qxc6 Qxb2 27. Rc2 Qd4 28. Kh2 h6 29. Qxb5 Re5 30. Rc8+ Kh7 31. Qb8 Nxe4 32. Rh8+ Kg6 33. Qb1 Qxf2 34. Qd3 f5 35. Qa6+ Kh5 36. g4+ fxg4 37. hxg4+ Kxg4 38. Qg6+ Ng5 39. Qb1 Qg3+ 40. Kh1 Re1+ 0-1


[Site "https://www.chess.com"]

[Event "Titled Tuesday Blitz October 11 Early 2022"]
[White "Rustemov, Alexander"]
[Black "Di Nicolantonio, Lucas"]
[WhiteFideId "4119002"]
[BlackFideId "680460"]
[WhiteElo "2816"]
[BlackElo "2381"]
[Result "1-0"]
[Round "03"]
[TimeControl "180+1"]
[Date "2022.10.11"]
[WhiteClock "0:00:36"]
[BlackClock "0:00:08"]

1. d4 g6 2. c4 Bg7 3. Nf3 d6 4. g3 f5 5. Bg2 Nf6 6. Nc3 O-O 7. O-O Nc6 8. d5 Ne5 9. Nxe5 dxe5 10. Qb3 Kh8 11. Rd1 h6 12. c5 a6 13. Bd2 Qe8 14. Be1 e4 15. f3 exf3 16. exf3 Rb8 17. Bf2 e6 18. Re1 Rf7 19. Re2 Re7 20. Rae1 e5 21. d6 cxd6 22. cxd6 Re6 23. Bb6 Bd7 24. Bc7 Rc8 25. Qxb7 Bc6 26. Qxa6 e4 27. fxe4 Ng4 28. e5 Bxg2 29. Kxg2 Rxc7 30. Qb5 Qa8+ 31. Qd5 Qxd5+ 32. Nxd5 Rd7 33. Nf4 Re8 34. Nxg6+ Kh7 35. Ne7 Nxe5 36. Nxf5 Bf6 37. h3 Kg6 38. g4 h5 39. b4 hxg4 40. hxg4 Re6 41. a4 Ra7 42. a5 Rb7 43. Re4 Kg5 44. Kg3 Rh7 45. b5 Re8 46. Nd4 Reh8 47. Rxe5+ Bxe5+ 48. Rxe5+ Kf6 49. Re6+ Kf7 50. Re7+ Kf6 51. Rxh7 Rxh7 52. b6 Rd7 53. Nf5 1-0


[Site "https://www.chess.com"]

[Event "Titled Tuesday Blitz October 11 Early 2022"]
[White "Sadubayev, Airat"]
[Black "Batbold, Nyamsuren"]
[WhiteFideId "13713264"]
[BlackFideId "4903331"]
[WhiteElo "2215"]
[BlackElo "2056"]
[Result "1-0"]
[Round "03"]
[TimeControl "180+1"]
[Date "2022.10.12"]
[WhiteClock "0:00:15"]
[BlackClock "0:00:13"]

1. d4 Nf6 2. c4 b6 3. Nc3 Bb7 4. Qc2 e6 5. e4 Bb4 6. Bd3 d5 7. cxd5 exd5 8. e5 Ne4 9. Nf3 c5 10. O-O Bxc3 11. bxc3 Nc6 12. Bxe4 dxe4 13. Qxe4 Na5 14. Qg4 Qc7 15. Bg5 h6 16. Bh4 g5 17. Bg3 Qc6 18. e6 fxe6 19. Qh5+ Ke7 20. Rfe1 Nc4 21. Rad1 cxd4 22. cxd4 Qd5 23. Be5 g4 24. Nh4 Rhg8 25. Qxh6 Raf8 26. Qh7+ Kd8 27. Qc7+ Ke8 28. Bg3 Rf7 29. Qb8+ Qd8 30. Rxe6+ Re7 31. Rxe7+ Kxe7 32. Qxb7+ 1-0


[Site "https://www.chess.com"]

[Event "Titled Tuesday Blitz October 11 Early 2022"]
[White "Samaganova, Aleksandra"]
[Black "Demin, Vladimir"]
[WhiteFideId "13800221"]
[BlackFideId "4167457"]
[WhiteElo "1864"]
[BlackElo "2567"]
[Result "0-1"]
[Round "03"]
[TimeControl "180+1"]
[Date "2022.10.12"]
[WhiteClock "0:00:05"]
[BlackClock "0:00:03"]

1. c4 Nf6 2. Nc3 e6 3. e4 d5 4. e5 Ne4 5. d4 Bb4 6. Bd2 Nxd2 7. Qxd2 c5 8. cxd5 exd5 9. Nf3 Nc6 10. Bb5 O-O 11. Bxc6 bxc6 12. O-O Bg4 13. Ne1 Rb8 14. Nc2 Qe7 15. Rfe1 cxd4 16. Nxd4 Bd7 17. Rac1 Rfd8 18. Qe2 Bc5 19. Nb3 Bb6 20. Na4 Qh4 21. Nac5 Bg4 22. Qd2 Re8 23. Rc3 Qh5 24. Qf4 Bc7 25. Nd3 Qg6 26. Rec1 Rb6 27. Nd4 Bd7 28. b3 h6 29. Nf3 f6 30. Qd4 fxe5 31. Ndxe5 Qd6 32. Nd3 Kh8 33. Qh4 Bf5 34. Nc5 Be4 35. Nxe4 dxe4 36. Ne1 Rf8 37. h3 Qf4 38. g3 Qxf2+ 39. Kh1 Qf1+ 40. Kh2 Rf2+ 41. Ng2 Qxg2# 0-1


[Site "https://www.chess.com"]

[Event "Titled Tuesday Blitz October 11 Early 2022"]
[White "Samarth, J Rao"]
[Black "Zeynalli, Rashad"]
[WhiteFideId "46652370"]
[BlackFideId "13403320"]
[WhiteElo "1564"]
[BlackElo "2125"]
[Result "1-0"]
[Round "03"]
[TimeControl "180+1"]
[Date "2022.10.12"]
[WhiteClock "0:00:09"]
[BlackClock "0:00:58"]

1. c4 Nf6 2. Nc3 e6 3. e4 c5 4. e5 Ng8 5. Nf3 d6 6. d4 cxd4 7. Qxd4 Nc6 8. Qe4 dxe5 9. Nxe5 Nxe5 10. Qxe5 Nf6 11. Bg5 Be7 12. Rd1 Bd7 13. c5 h6 14. Bxf6 Bxf6 15. Qd6 Qe7 16. Qc7 Bc6 17. Qxe7+ Kxe7 18. f3 Rac8 19. Be2 Rc7 20. Kf2 Rhc8 21. Rd2 g6 22. g3 Bg7 23. Rc1 f5 24. b4 Bxc3 25. Rxc3 Bd5 26. a3 b6 27. Rdc2 bxc5 28. Ba6 Rb8 29. Rxc5 Rxc5 30. Rxc5 Kd6 31. f4 e5 32. fxe5+ Kxe5 33. Bc4 Rd8 34. Ke3 g5 35. h4 Rd7 36. h5 f4+ 37. gxf4+ gxf4+ 38. Kf2 Rd6 39. Bxd5 Rxd5 40. Rxd5+ Kxd5 41. Kf3 Kc4 42. Kxf4 Kb3 43. Kf5 Kxa3 44. Kg6 Kxb4 45. Kxh6 a5 46. Kg6 a4 47. h6 a3 48. h7 Kb3 49. h8=Q a2 50. Qa1 Ka3 51. Kf5 Kb3 52. Ke4 Ka3 53. Kd3 Kb3 54. Qc3+ Ka4 55. Qb2 Ka5 56. Qxa2+ Kb5 57. Qc4+ 1-0


[Site "https://www.chess.com"]

[Event "Titled Tuesday Blitz October 11 Early 2022"]
[White "Sanchez, Robert"]
[Black "Maltsevskaya, Aleksandra"]
[WhiteFideId "2034360"]
[BlackFideId "24174041"]
[WhiteElo "2401"]
[BlackElo "2289"]
[Result "1-0"]
[Round "03"]
[TimeControl "180+1"]
[Date "2022.10.12"]
[WhiteClock "0:00:29"]
[BlackClock "0:00:25"]

1. e4 d5 2. exd5 Qxd5 3. Nc3 Qa5 4. Nf3 Nf6 5. h3 e5 6. Bc4 Be7 7. O-O O-O 8. d4 exd4 9. Qxd4 Nc6 10. Qf4 Nh5 11. Qd2 Rd8 12. Nd5 Be6 13. Qxa5 Nxa5 14. Nxe7+ Kf8 15. Bxe6 fxe6 16. Bd2 Nc4 17. Bb4 a5 18. Nc6+ axb4 19. Nxd8 Rxd8 20. Rfd1 Ra8 21. Rd7 Nxb2 22. Rxc7 b5 23. Ng5 Nf4 24. Re1 Kg8 25. g3 Nd5 26. Rb7 Nc4 27. Rxe6 h6 28. Ne4 Rxa2 29. Rxb5 Nc7 30. Rb8+ Kf7 31. Rc6 Na6 32. Rb7+ 1-0


[Site "https://www.chess.com"]

[Event "Titled Tuesday Blitz October 11 Early 2022"]
[White "Sargsyan, Anna M."]
[Black "Tworuszka, Michal"]
[WhiteFideId "13308130"]
[BlackFideId "1117858"]
[WhiteElo "2284"]
[BlackElo "2337"]
[Result "1-0"]
[Round "03"]
[TimeControl "180+1"]
[Date "2022.10.12"]
[WhiteClock "0:01:42"]
[BlackClock "0:00:03"]

1. d4 Nf6 2. c4 g6 3. g3 Bg7 4. Bg2 O-O 5. Nc3 d6 6. Nf3 Nbd7 7. O-O e5 8. e4 Re8 9. Re1 c6 10. h3 Qc7 11. Be3 Nb6 12. b3 Be6 13. Qd2 c5 14. Nb5 Qd7 15. dxe5 Nxe4 16. Qc2 d5 17. Rad1 a6 18. Na3 Qc6 19. cxd5 Bxd5 20. Rxd5 Qxd5 21. Rd1 Qc6 22. Ng5 Nxg5 23. Bxc6 Nxh3+ 24. Kh2 bxc6 25. Kxh3 1-0


[Site "https://www.chess.com"]

[Event "Titled Tuesday Blitz October 11 Early 2022"]
[White "Schut, Han"]
[Black "Cruz Lledo, Pablo"]
[WhiteFideId "1005561"]
[BlackFideId "2297361"]
[WhiteElo "2024"]
[BlackElo "2304"]
[Result "0-1"]
[Round "03"]
[TimeControl "180+1"]
[Date "2022.10.12"]
[WhiteClock "0:00:08"]
[BlackClock "0:01:02"]

1. e4 g6 2. d4 Bg7 3. Nc3 d6 4. f4 h5 5. Nf3 Nh6 6. Bd3 Bg4 7. Be3 Nc6 8. d5 Nb8 9. h3 Bxf3 10. Qxf3 Nd7 11. O-O c6 12. Rad1 Qc7 13. Rfe1 a6 14. dxc6 bxc6 15. e5 dxe5 16. Be4 Rc8 17. f5 Nxf5 18. Bxf5 gxf5 19. Qxf5 e6 20. Qf3 Bh6 21. Ne4 Bxe3+ 22. Rxe3 f5 23. Nd6+ Ke7 24. Nxc8+ Qxc8 25. Red3 Nf6 26. Qf2 c5 27. Rc3 Ne4 28. Qd2 Nxd2 0-1


[Site "https://www.chess.com"]

[Event "Titled Tuesday Blitz October 11 Early 2022"]
[White "Shaik Sumer Arsh"]
[Black "Kamsky, Gata"]
[WhiteFideId "45020000"]
[BlackFideId "2000024"]
[WhiteElo "2190"]
[BlackElo "2666"]
[Result "0-1"]
[Round "03"]
[TimeControl "180+1"]
[Date "2022.10.12"]
[WhiteClock "0:00:04"]
[BlackClock "0:00:14"]

1. d4 d6 2. c4 Nf6 3. Nc3 g6 4. e4 Bg7 5. Be2 e5 6. d5 a5 7. Be3 Na6 8. Qd2 Nc5 9. f3 h5 10. h4 Bd7 11. Nh3 Bxh3 12. Rxh3 Ng8 13. O-O-O Bh6 14. Bg5 f6 15. Bxh6 Nxh6 16. g4 Qd7 17. Rg3 hxg4 18. fxg4 Nf7 19. g5 fxg5 20. hxg5 Qe7 21. Rf1 O-O-O 22. Rf6 Rdg8 23. Qe3 Kb8 24. Kc2 Rh4 25. Bg4 Rh2+ 26. Kb1 Rh1+ 27. Kc2 Rh2+ 28. Be2 Nd7 29. Re6 Qf8 30. Nb5 b6 31. a3 Nd8 32. b4 Qf4 33. Qc3 Rxe2+ 34. Kb3 a4+ 35. Kxa4 Nb7 36. Re7 Ndc5+ 37. bxc5 Nxc5+ 38. Kb4 Qf2 39. a4 Rb2+ 40. Ka3 Ra2+ 41. Kb4 Rxa4# 0-1


[Site "https://www.chess.com"]

[Event "Titled Tuesday Blitz October 11 Early 2022"]
[White "Shimanov, Aleksandr"]
[Black "Munkhgal, Gombosuren"]
[WhiteFideId "4198603"]
[BlackFideId "4901266"]
[WhiteElo "2605"]
[BlackElo "2576"]
[Result "0-1"]
[Round "03"]
[TimeControl "180+1"]
[Date "2022.10.11"]
[WhiteClock "0:00:02"]
[BlackClock "0:00:45"]

1. c4 Nf6 2. Nf3 e6 3. d4 d5 4. Nc3 Bb4 5. Qa4+ Nc6 6. e3 O-O 7. Bd2 dxc4 8. Bxc4 Bd6 9. Qc2 a6 10. a3 e5 11. dxe5 Nxe5 12. Be2 Bg4 13. h3 Bh5 14. Nxe5 Bxe5 15. Bxh5 Nxh5 16. O-O Nf6 17. Rad1 Qe7 18. Na4 Bd6 19. Nc3 Rad8 20. Bc1 Rfe8 21. Rd3 Qe5 22. f4 Qc5 23. Rf2 Re7 24. Kh1 Rde8 25. Qd1 h6 26. Rc2 Qf5 27. g4 Qg6 28. Kg2 Ne4 29. Nxe4 Rxe4 30. Rcc3 h5 31. Qf3 h4 32. Rd1 f5 33. Rf1 Qe6 34. Rf2 b5 35. b4 g6 36. Rfc2 Qd5 37. Rf2 R8e7 38. Rd2 Qb7 39. Rf2 Qa8 40. Kh2 Qf8 41. Rg2 Kh7 42. Rf2 Qg7 43. Kg2 Qxc3 44. gxf5 Qf6 45. fxg6+ Qxg6+ 46. Kf1 Bxf4 47. Rg2 Bg5 48. Rg4 Rf7 0-1


[Site "https://www.chess.com"]